 Dungeon Crawl Stone Soup version 0.28.0 (webtiles) character file.

Game seed: 59441469946943905

758 SnakkuSnakku7 the Slasher (level 7, 0/52 HPs)
             Began as a Barachi Abyssal Knight on Feb 8, 2022.
             Was a Believer of Lugonu.
             Succumbed to a water moccasin's poison
             ... on level 5 of the Dungeon.
             The game lasted 00:11:36 (6451 turns).

SnakkuSnakku7 the Slasher (Barachi Abyssal Knight)  Turns: 6451, Time: 00:11:37

Health: 0/52       AC:  6    Str: 16    XL:     7   Next: 80%
Magic:  9/9        EV: 11    Int: 10    God:    Lugonu [**....]
Gold:   208        SH:  3    Dex: 13    Spells: 6/6 levels left

rFire   . . .      SeeInvis .   a - +6 flail (venom)
rCold   . . .      Faith    .   e - +0 buckler
rNeg    + . .      Spirit   .   j - +0 leather armour
rPois   .          Reflect  .   (no helmet)
rElec   .          Harm     .   (no cloak)
rCorr   +          Rampage  .   k - +2 pair of gloves {hurl}
Will    .....                   (no boots)
Stlth   +.........              (no amulet)
HPRegen 0.17/turn               h - ring of resist corrosion
MPRegen 0.11/turn               n - ring of positive energy

@: lethally poisoned (0 -> -6), unable to hop, slow
A: amphibious, slowness 1, strong legs 1, +LOS
a: Hop, Renounce Religion, Depart the Abyss, Bend Space


You were on level 5 of the Dungeon.
You worshipped Lugonu.
Lugonu was pleased with you.
You visited 1 branch of the dungeon, and saw 5 of its levels.
You visited the Abyss 1 time.

You collected 304 gold pieces.
You spent 96 gold pieces at shops.

Inventory:

Hand Weapons
 a - a +6 flail of venom (weapon)
 b - a +0 dagger of electrocution
 p - a +1 falchion
Missiles
 u - 5 poisoned darts
Armour
 e - a +0 buckler (worn)
 j - a +0 leather armour (worn)
 k - a +2 pair of gloves of hurling (worn)
Jewellery
 h - a ring of resist corrosion (left hand)
 n - a ring of positive energy (right hand)
 t - a ring of wizardry
Wands
 f - a wand of digging (3)
 o - a wand of polymorph (4)
Scrolls
 c - 2 scrolls of teleportation
 d - a scroll of immolation
 g - a scroll of enchant armour
 i - a scroll of vulnerability
 q - a scroll of fear {unknown}
 r - a scroll of fog {unknown}
 s - a scroll of blinking {unknown}
Potions
 l - a potion of cancellation {unknown}
 m - 4 potions of curing


   Skills:
 - Level 3.6 Fighting
 - Level 7.1 Long Blades
 + Level 2.4 Maces & Flails
 - Level 3.0 Throwing
 - Level 2.4 Armour
 - Level 1.1 Dodging
 + Level 3.6 Invocations
 - Level 2.6 Evocations


You had 6 spell levels left.
You didn't know any spells.
Your spell library contained the following spells:

 Spells                   Type           Power      Damage    Failure   Level
 Gell's Gravitas          Tloc           0%         N/A       88%         3
 Ignite Poison            Fire/Tmut/Pois 0%         N/A       88%         3
 Mephitic Cloud           Conj/Pois/Air  0%         N/A       88%         3
 Teleport Other           Tloc           0%         N/A       88%         3
 Freezing Cloud           Conj/Ice/Air   0%         6-21      100%        5
 Dispersal                Tloc           0%         N/A       100%        6


Dungeon Overview and Level Annotations

Branches:
Dungeon (5/15)             Temple (0/1) D:4

Altars:
Fedhas
Wu Jian

Shops:
D:1 !   D:3 =


Innate Abilities, Weirdness & Mutations

You are amphibious.
You cover ground slowly.
You can hop short distances.
You have an extended range of vision and can be seen from far away.


Message History

You are poisoned.
The water moccasin poisons you! You block the water moccasin's attack.
The adder bites you but does no damage.
You closely miss the water moccasin.
The water moccasin is almost dead.
You feel very sick. The water moccasin bites you.
You are more poisoned.
The water moccasin poisons you! The adder bites you but does no damage.
The water moccasin closely misses you. The adder bites you but does no damage.
You closely miss the water moccasin.
The water moccasin is almost dead.
You feel extremely sick. The water moccasin barely misses you.
The adder barely misses you. You block the water moccasin's attack.
The adder bites you but does no damage.
Unknown command.
You miss the water moccasin.
The water moccasin is almost dead.
You feel very sick.
The water moccasin bites you but does no damage.
The adder closely misses you.
The water moccasin bites you but does no damage.
Unknown command.
You barely miss the water moccasin.
The water moccasin is almost dead.
You feel very sick. The adder bites you but does no damage.
The water moccasin bites you. The adder bites you but does no damage.
The water moccasin barely misses you.
You closely miss the water moccasin.
The water moccasin is almost dead.
You feel very sick. The water moccasin bites you!
* * * LOW HITPOINT WARNING * * *
The adder closely misses you. The water moccasin bites you.
* * * LOW HITPOINT WARNING * * *
You block the adder's attack.
Your legs are too worn out to hop.
* * * LOW HITPOINT WARNING * * *
You feel sick. The water moccasin barely misses you.
You die...

##...#...##.....###....
#.......................
........................
#.....[........####.### .#
###...<........##.....## ...
#............#.......#...
####.#####....#.......#...
#..#...###........_......
#......#.#....#@......#..#
##........#.<#.#..S....#..# ###
.......#....##.##.S...##..##
...
#......#.....#.####.####...##..
#.....##.....#................
##.#.....##.................#
###..#.###......##........#
######..................#
###.##..........>..#


You could see a water moccasin and an adder.

Vanquished Creatures
  Sigmund (D:3)
  A necrophage (D:5)
  An ogre (D:5)
  A phantom (D:3)
  A scorpion (D:4)
  A hound (D:4)
  A jelly (D:5)
  2 iguanas
  A hound zombie (D:5)
  A hound skeleton (D:4)
  5 adders
  A shadow imp (D:5)
  2 adder skeletons
  2 worms (D:2)
  3 dart slugs
  6 orcs
  4 ball pythons
  6 endoplasms
  4 giant cockroaches
  8 goblins
  9 hobgoblins
  3 jackals (D:1)
  4 quokkas
  8 bats
  3 frilled lizards
  11 kobolds
  6 rats
96 creatures vanquished.

Notes
Turn   | Place    | Note
-------+----------+-------------------------------------------
     0 | Abyss:1  | SnakkuSnakku7 the Barachi Abyssal Knight began the quest
                  | for the Orb.
     0 | Abyss:1  | Reached XP level 1. HP: 18/18 MP: 2/2
     0 | D:1      | Escaped the Abyss
   344 | D:1      | Reached XP level 2. HP: 23/24 MP: 3/3
   362 | D:1      | Reached skill level 3 in Long Blades
   664 | D:1      | Found a faded altar of an unknown god.
   780 | D:1      | Reached * piety under Lugonu
  1087 | D:1      | Found Joepogutz's Distillery.
  1094 | D:1      | Reached XP level 3. HP: 26/29 MP: 4/4
  2186 | D:2      | Reached skill level 1 in Throwing
  2480 | D:1      | Bought a potion of heal wounds for 60 gold pieces
  2681 | D:2      | Reached XP level 4. HP: 26/36 MP: 5/5
  2815 | D:2      | Reached skill level 4 in Long Blades
  3321 | D:2      | Reached ** piety under Lugonu
  3592 | D:3      | Found an ornate altar of the Wu Jian Council.
  3865 | D:3      | Noticed Sigmund
  3902 | D:3      | Found Daosaile's Jewellery Emporium.
  4017 | D:3      | Reached XP level 5. HP: 41/41 MP: 6/6
  4080 | D:1      | Bought a potion of curing for 36 gold pieces
  4528 | D:4      | Reached skill level 5 in Long Blades
  4754 | D:4      | Noticed a phantom
  4816 | D:3      | Killed a phantom
  4817 | D:3      | Reached skill level 6 in Long Blades
  4817 | D:3      | Reached XP level 6. HP: 39/47 MP: 7/7
  5002 | D:4      | Noticed Edmund
  5149 | D:4      | Found a staircase to the Ecumenical Temple.
  5459 | D:5      | Entered Level 5 of the Dungeon
  5626 | D:5      | Noticed a necrophage
  5637 | D:5      | Killed a necrophage
  5638 | D:5      | Reached skill level 7 in Long Blades
  5638 | D:5      | Reached XP level 7. HP: 52/52 MP: 9/9
  5786 | D:4      | Noticed Edmund
  5786 | D:4      | Edmund changed into Edmund the centaur
  5789 | D:4      | Noticed Edmund
  5789 | D:4      | Edmund the centaur changed into Edmund the hound
  5802 | D:4      | Killed Edmund the hound
  5907 | D:4      | Reached skill level 1 in Evocations
  6169 | D:3      | Killed Sigmund
  6438 | D:5      | Found a blossoming altar of Fedhas.
  6450 | D:5      | HP: 2/52 [poisoned by a water moccasin]
  6451 | D:5      | Succumbed to a water moccasin's poison

Illustrated notes

Levels and vault maps discovered:
D:1:      sevenhm_arrival_forest_fort_large_4, layout_basic, serial_shops,
          nicolae_shop_stone, basic_ecumenical_altar, minmay_fountain_box,
          minmay_3d_cube
D:2:      layout_loops_ring, palyth_stone_intersect, minmay_hexomino_u4
D:3:      layout_rooms, mainiacjoe_overflow_chevrons, serial_shops,
          nicolae_diamond_shop, amcnicky_mini_rare_corridor_liquid,
          hangedman_glass_teeth, minmay_misc_feat_ornament, uniq_sigmund
D:4:      layout_basic, minmay_temple_entry_hall, uniq_edmund
D:5:      layout_cave_pools, kennysheep_slug_shrine, old_standard_altar,
          kennysheep_nub

Skill      XL: |  1  2  3  4  5  6  7 |
---------------+----------------------+-----
Invocations    | 2 3 |  3.6
Long Blades    | 3 4 6 7 |  7.1
Throwing       | 1 2 3 |  3.0
Evocations     | 2 |  2.6
Maces & Flails | 2 |  2.4
Fighting       | |  3.6
Armour         | |  2.4
Dodging        | |  1.1

Action                   |  1- 3 |  4- 6 |  7- 9 || total
-------------------------+-------+-------+-------++-------
Melee: Falchion          |   120 |   106 |    12 ||   238
       Dagger            |    38 |   109 |       ||   147
       Punch             |     1 |     5 |       ||     6
       Unarmed           |       |     5 |       ||     5
       Flail             |       |       |    23 ||    23
Throw: Dart              |     1 |     9 |       ||    10
       Javelin           |       |     4 |       ||     4
Invok: Depart the Abyss  |     1 |       |       ||     1
 Abil: Hop               |     1 |     4 |     2 ||     7
Evoke: Wand              |       |       |     4 ||     4
  Use: Scroll            |     1 |     3 |     2 ||     6
       Potion            |       |     2 |     1 ||     3
 Stab: Sleeping          |       |     1 |       ||     1
Armor: Leather armour    |    68 |    63 |    14 ||   145
       Skin              |       |     3 |       ||     3
Dodge: Dodged            |    98 |   139 |    21 ||   258
Block: Buckler           |       |     7 |     8 ||    15
